 Dungeon Crawl Stone Soup version 0.29.0-4-gdea44cf6ec (webtiles) character file.

Game seed: 3199227437319515696

212 qw the Chopper (level 5, -4/30 HPs)
             Began as a Tengu Warper on Aug 28, 2022.
             Slain by a gnoll
             ... wielding a +0 flail
             ... led by a gnoll bouda
              (7 damage)
             ... on level 4 of the Dungeon.
             The game lasted 00:00:24 (3955 turns).

qw the Chopper (Tengu Warper)                       Turns: 3955, Time: 00:00:24

Health: -4/30      AC: 12    Str: 13    XL:     5   Next: 89%
Magic:  9/9        EV:  4    Int: 13    God:
Gold:   148        SH:  4    Dex: 14    Spells: 8/8 levels left

rFire   . . .      SeeInvis .   Y - +1 war axe
rCold   . . .      Faith    .   h - +0 buckler
rNeg    . . .      Spirit   .   g - +1 plate armour
rPois   .          Reflect  .   (helmet restricted)
rElec   .          Harm     .   (no cloak)
rCorr   .          Rampage  .   (no gloves)
Will    .....                   (boots unavailable)
Stlth   ..........              f - amulet of regeneration
HPRegen 0.90/turn               (no ring)
MPRegen 0.11/turn               (no ring)

@: about to teleport, flying quickly and evasively, quick
A: beak, talons 3, nimble flight
a: no special abilities


You were on level 4 of the Dungeon.
You visited 1 branch of the dungeon, and saw 5 of its levels.

You collected 214 gold pieces.
You spent 66 gold pieces at shops.


Innate Abilities, Weirdness & Mutations

You have a beak for a mouth.
You have claws for feet.
Your magical nature lets you fly swiftly and evasively.


   Skills:
 - Level 2.0 Fighting
 + Level 5.7 Axes
 - Level 1.0 Throwing
 - Level 2.5 Armour
 - Level 2.1 Dodging
 - Level 1.2 Shields
 - Level 2.0 Spellcasting
 - Level 2.4 Translocations


You had 8 spell levels left.
You didn't know any spells.
Your spell library contained the following spells:

 Spells                   Type           Power      Damage    Failure   Level
 Blink                    Tloc           14%        N/A       100%        2
 Gell's Gravitas          Tloc           7%         N/A       100%        3
 Lesser Beckoning         Tloc           7%         N/A       100%        3
 Teleport Other           Tloc           7%         N/A       100%        3
 Manifold Assault         Tloc           7%         N/A       100%        5

Inventory:

Hand Weapons
 i - a +0 whip
 Y - a +1 war axe (weapon)
Armour
 g - a +1 plate armour (worn)
 h - a +0 buckler (worn)
Jewellery
 f - an amulet of regeneration (around neck)
Scrolls
 d - a scroll of identify
Potions
 b - 8 potions of curing
 e - a potion of haste

Dungeon Overview and Level Annotations

Branches:
Dungeon (5/15)
 Temple: D:4-7

Altars:
Cheibriados
Dithmenos
Elyvilon
Sif Muna
Zin
The Shining One

Shops:
D:3 !


Message History

Assign waypoint to what number? (0-9, D - delete waypoint) Waypoint 2 re-assigned from D:3 to D:5.
3949 ||| STAIRDANCE You block the gnoll's attack.
The gnoll hits you with a +0 flail! The gnoll hits you but does no damage.
The gnoll bouda hits you with a +0 whip.
You fly upwards.
There is a stone staircase leading down here.
You hit the gnoll bouda but do no damage.
You claw the gnoll bouda, but do no damage.
You hit the gnoll. You slash the gnoll! You hit the gnoll.
The gnoll hits you with a +0 spear. The gnoll hits you with a +0 club.
The gnoll barely misses you.
The gnoll bouda hits you with a +0 whip.
You barely miss the gnoll. You claw the gnoll.
You kill the gnoll!
You barely miss the gnoll.
You hit the gnoll bouda but do no damage.
You barely miss the gnoll. The gnoll hits you with a +0 flail.
The gnoll hits you but does no damage.
The gnoll bouda hits you but does no damage.
You slash the gnoll! Your peck misses the gnoll.
The gnoll is almost dead.
You hit the gnoll but do no damage.
You hit the gnoll bouda but do no damage.
The gnoll hits you but does no damage. You block the gnoll's attack.
The gnoll bouda hits you but does no damage.
You barely miss the gnoll. You peck the gnoll, but do no damage.
The gnoll is almost dead.
You barely miss the gnoll. You hit the gnoll bouda.
The gnoll hits you with a +0 flail. The gnoll closely misses you.
The gnoll bouda hits you with a +0 whip!
You block the gnoll's attack. The gnoll hits you with a +0 club!
The gnoll bouda barks out a call to the hunt!
The gnolls pick up the pace!
3955 ||| READING scroll of teleportation.
As you read the scroll of teleportation, it crumbles to dust.
You feel strangely unstable. The gnoll hits you with a +0 flail!
You die...

#........#.....#.....##
##.##....#.....#......#
######'##....#.....#......#
.#...........#.....#......#
.#...........#.....#.....########
.'..?........#.....#.....##.....#
.##.)..###...#.....#.....##.....#
.#############..g..#.....##....##
..#......#...#.g@g.#.............
..#......#...'...).#.............
..#......#...#.....#.............
.####...####+#.....#....(........
.####...#..........#.............
...#....#..........#.............
...'....#..........#.............
...#....#.....###'##.....##....##
...#..>.#.....#...####'####....##


You could see a gnoll bouda and 2 gnolls.

Vanquished Creatures
  A hound (D:4)
  Ijyb (D:4)
  An iguana (D:3)
  A gnoll (D:4)
  4 adders
  A shadow imp (D:4)
  3 dart slugs
  An orc (D:4)
  2 bats (D:1)
  4 endoplasms
  3 giant cockroaches
  8 goblins
  8 hobgoblins
  A jackal (D:3)
  9 kobolds
  5 quokkas
  10 ball pythons
  A frilled lizard (D:2)
  3 rats
67 creatures vanquished.

Vanquished Creatures (others)
  7 plants (D:1)
7 creatures vanquished.

Grand Total: 74 creatures vanquished

Notes
Turn   | Place    | Note
-------+----------+-------------------------------------------
     0 | D:1      | qw the Tengu Warper began the quest for the Orb.
     0 | D:1      | Reached XP level 1. HP: 12/12 MP: 4/4
     0 | D:1      | 0 ||| qw: Version: 0.1-a-89-g26bdef1
     0 | D:1      | 0 ||| qw: Game counter: 2762
     0 | D:1      | 0 ||| qw: Always use a shield: true
     0 | D:1      | 0 ||| qw: God list: Okawaru
     0 | D:1      | 0 ||| qw: Allow faded altars: false
     0 | D:1      | 0 ||| qw: Do Orc after D:15 true
     0 | D:1      | 0 ||| qw: Do second Lair branch before Depths: true
     0 | D:1      | 0 ||| qw: Lair rune preference: random
     0 | D:1      | 0 ||| qw: Plans: Normal
     0 | D:1      | 0 ||| PLANNING D:1-11
    39 | D:1      | 39 ||| Stepping ~*~*~tactically~*~*~ (stealth).
   293 | D:1      | 293 ||| Stepping ~*~*~tactically~*~*~ (stealth).
   310 | D:1      | Reached XP level 2. HP: 7/17 MP: 6/6
   311 | D:1      | Reached skill level 3 in Axes
   940 | D:1      | Reached XP level 3. HP: 21/21 MP: 7/7
  1153 | D:1      | Reached skill level 4 in Axes
  1295 | D:1      | 1295 ||| Stepping ~*~*~tactically~*~*~ (stealth).
  1302 | D:1      | 1302 ||| Stepping ~*~*~tactically~*~*~ (hiding).
  1362 | D:1      | Found a faded altar of an unknown god.
  1537 | D:1      | 1537 ||| UPGRADING to amulet of regeneration.
  1542 | D:1      | 1542 ||| READING scroll labelled YCUNUSHAKHLAPN.
  1543 | D:1      | 1543 ||| READING scroll labelled KOITEE SOSKIRAUHY.
  1544 | D:1      | 1544 ||| READING scroll labelled TONKOW LASHRIA.
  1645 | D:1      | 1645 ||| DROPPING scroll of blinking.
  1700 | D:2      | Found a shadowy altar of Dithmenos.
  1744 | D:2      | 1744 ||| SWAPPING to +0 war axe.
  1748 | D:2      | 1748 ||| DROPPING +0 hand axe.
  1755 | D:2      | 1755 ||| Stepping ~*~*~tactically~*~*~ (stealth).
  1758 | D:2      | 1758 ||| Stepping ~*~*~tactically~*~*~ (stealth).
  1759 | D:2      | 1759 ||| Stepping ~*~*~tactically~*~*~ (hiding).
  1760 | D:2      | 1760 ||| Stepping ~*~*~tactically~*~*~ (hiding).
  1764 | D:2      | 1764 ||| Stepping ~*~*~tactically~*~*~ (hiding).
  1767 | D:2      | 1767 ||| Stepping ~*~*~tactically~*~*~ (hiding).
  1775 | D:2      | Reached XP level 4. HP: 21/26 MP: 8/8
  2188 | D:2      | 2188 ||| UPGRADING to +0 scale mail.
  2198 | D:2      | 2198 ||| DROPPING +0 leather armour.
  2199 | D:2      | 2199 ||| UPGRADING to +0 buckler.
  2204 | D:2      | 2204 ||| READING scroll labelled SIB XOCEUNAECE.
  2205 | D:2      | 2205 ||| READING scroll labelled BAUKHL VESHIMNO.
  2206 | D:2      | 2206 ||| READING scroll labelled LUGUCLUEGO.
  2215 | D:2      | 2215 ||| DRINKING 2 ruby potions.
  2436 | D:3      | 2436 ||| DROPPING +0 club.
  2625 | D:3      | Reached skill level 1 in Shields
  2727 | D:3      | Found a glowing golden altar of the Shining One.
  2731 | D:3      | Found a glowing silver altar of Zin.
  2732 | D:3      | Found a white marble altar of Elyvilon.
  2831 | D:3      | Found Gupoh's Distillery.
  2839 | D:3      | 2839 ||| BUYING potion of curing (33 gold).
  2839 | D:3      | Bought a potion of curing for 33 gold pieces
  2839 | D:3      | 2839 ||| BUYING potion of curing (33 gold).
  2839 | D:3      | Bought a potion of curing for 33 gold pieces
  2839 | D:3      | 2839 ||| SHOPLISTING potion of might (44 gold, have 35).
  2839 | D:3      | 2839 ||| SHOPLISTING potion of mutation (88 gold, have 35).
  3191 | D:3      | 3191 ||| UPGRADING to +0 plate armour.
  3201 | D:3      | 3201 ||| DROPPING +0 scale mail.
  3202 | D:3      | 3202 ||| READING scroll labelled ZAISAI FYAFUEW.
  3203 | D:3      | 3203 ||| READING scroll labelled FAKYPP KIHABIC.
  3230 | D:4      | 3230 ||| READING scroll of enchant armour.
  3230 | D:4      | 3230 ||| ENCHANTING +0 plate armour.
  3292 | D:4      | Gained mutation: Your magical nature lets you fly swiftly
                  | and evasively. [Tengu growth]
  3292 | D:4      | Reached XP level 5. HP: 27/30 MP: 9/9
  3379 | D:4      | Found a snail-covered altar of Cheibriados.
  3379 | D:4      | Noticed Ijyb
  3444 | D:4      | 3444 ||| Stepping ~*~*~tactically~*~*~ (stealth).
  3450 | D:4      | Reached skill level 5 in Axes
  3450 | D:4      | 3450 ||| Stepping ~*~*~tactically~*~*~ (stealth).
  3486 | D:4      | HP: 7/30 [Ijyb/+0 club (6)]
  3487 | D:4      | 3487 ||| READING 2 scrolls of teleportation.
  3494 | D:4      | 3494 ||| FLEEEEING.
  3495 | D:4      | 3495 ||| FLEEEEING.
  3496 | D:4      | 3496 ||| FLEEEEING.
  3497 | D:4      | 3497 ||| STAIRDANCE
  3518 | D:3      | 3518 ||| READING scroll labelled RIHIKL PUPLAPN.
  3519 | D:3      | 3519 ||| READING 3 scrolls of identify.
  3519 | D:3      | 3519 ||| IDENTIFYING fuming white potion
  3520 | D:3      | 3520 ||| READING 2 scrolls of identify.
  3520 | D:3      | 3520 ||| IDENTIFYING dark potion
  3521 | D:3      | 3521 ||| DROPPING potion of degeneration.
  3522 | D:3      | 3522 ||| DROPPING potion of flight.
  3552 | D:4      | Killed Ijyb
  3604 | D:4      | Found a shimmering blue altar of Sif Muna.
  3794 | D:4      | Identified the +1 helmet of Imperfection {Harm SInv Stlth+}
  3814 | D:4      | 3814 ||| FLEEEEING.
  3815 | D:4      | 3815 ||| FLEEEEING.
  3818 | D:4      | 3818 ||| FLEEEEING.
  3819 | D:4      | 3819 ||| FLEEEEING.
  3820 | D:4      | 3820 ||| FLEEEEING.
  3821 | D:4      | 3821 ||| FLEEEEING.
  3822 | D:4      | 3822 ||| FLEEEEING.
  3823 | D:4      | 3823 ||| FLEEEEING.
  3824 | D:4      | 3824 ||| FLEEEEING.
  3829 | D:4      | 3829 ||| FLEEEEING.
  3830 | D:4      | 3830 ||| FLEEEEING.
  3831 | D:4      | 3831 ||| FLEEEEING.
  3832 | D:4      | 3832 ||| FLEEEEING.
  3833 | D:4      | 3833 ||| FLEEEEING.
  3835 | D:4      | 3835 ||| STAIRDANCE
  3845 | D:4      | 3845 ||| STAIRDANCE
  3903 | D:4      | 3903 ||| READING 3 scrolls labelled EFOFIE HE ELOY.
  3904 | D:4      | 3904 ||| DROPPING 2 scrolls of immolation.
  3948 | D:5      | Entered Level 5 of the Dungeon
  3949 | D:5      | 3949 ||| STAIRDANCE
  3954 | D:4      | HP: 2/30 [gnoll/+0 club[a gnoll bouda] (7)]
  3955 | D:4      | 3955 ||| READING scroll of teleportation.
  3955 | D:4      | Slain by a gnoll

Levels and vault maps discovered:
D:1:      lemuel_arrival_funnel, layout_loops_ring,
          shapermc_ecumenical_altar_pompeii, serial_bayou,
          serial_bayou_lagoon_a, serial_bayou_pond_b, serial_bayou_crossing,
          serial_bayou_pond_b, minmay_misc_feat_five,
          chequers_serial_rivers_room_b
D:2:      layout_basic, basic_altar
D:3:      layout_loops_corners, good_gods_temple_1, serial_shops,
          nicolae_shop_advertising_works [nicolae_subvault_shop_adworks],
          nrook_mini_backslash, chequers_decorated_corner,
          minmay_fractal_squares_gapless_5
D:4:      layout_gridville, mainiacjoe_overflow_paths, lemuel_doored_altar,
          uniq_ijyb
D:5:      layout_basic, minmay_temple_entry_slanted, uniq_menkaure

Skill      XL: |  1  2  3  4  5 |
---------------+----------------+-----
Axes           | 3 4 5 |  5.7
Shields        | 1 |  1.2
Armour         | 2 |  2.5
Fighting       | |  2.0
Throwing       | |  1.0
Dodging        | |  2.1
Spellcasting   | |  2.0
Translocations | |  2.4

Action                   |  1- 3 |  4- 6 || total
-------------------------+-------+-------++-------
Melee: Hand axe          |    78 |       ||    78
       Kick              |    20 |    14 ||    34
       Peck              |    14 |     8 ||    22
       War axe           |     8 |    79 ||    87
       Unarmed           |       |    39 ||    39
Throw: Boomerang         |     7 |       ||     7
  Use: Scroll            |     3 |    12 ||    15
       Potion            |       |     1 ||     1
Armor: Leather armour    |    27 |     1 ||    28
       Scale mail        |       |    17 ||    17
       Plate armour      |       |    37 ||    37
Dodge: Dodged            |    32 |    39 ||    71
Block: Buckler           |       |    10 ||    10

Table legend:
 A = Non-vault XP
 B = Vault XP
 C = Vault XP percentage of total XP
 D = Non-vault monster count
 E = Vault monster count
 F = Vault count percentage of total count
                 A         B        C        D         E       F
            +---------+---------+-------+---------+---------+-------
      Total |     248 |      55 |  18.2 |      57 |      10 |  14.9
            +---------+---------+-------+---------+---------+-------
        D:1 |      46 |      15 |  24.6 |      25 |       7 |  21.9
        D:2 |      27 |       0 |   0.0 |       8 |       0 |   0.0
        D:3 |      71 |       4 |   5.3 |      14 |       2 |  12.5
        D:4 |     104 |      36 |  25.7 |      10 |       1 |   9.1
            +---------+---------+-------+---------+---------+-------
